TOP OF THE 1ST |
Paris Cubs batting - Pitching for Canton Indians : RHP John Bychyk
|
Pitching: RHP John Bychyk
|
|
Batting: RHB Willie Rubio
|
0-0: Ball 1-0: Ball 2-0: Foul Ball, location: 2F 2-1: Swinging Strike 2-2: Foul Ball, location: 2F 2-2: Strikes out swinging
|
Batting: LHB Tyler Schuettler
|
0-0: Called Strike 0-1: Ground out 6-3 (Groundball, 6, EV 77.5 MPH)
|
Batting: LHB Jeremy Rideout
|
0-0: Fly out, F8 (Flyball, 8RD, EV 99.4 MPH)
|
Top of the 1st over - 0 runs, 0 hits, 0 errors, 0 left on base; Paris 0 - Canton 0 |
BOTTOM OF THE 1ST |
Canton Indians batting - Pitching for Paris Cubs : LHP Noah Hornby
|
Pitching: LHP Noah Hornby
|
|
Batting: RHB Jose Rodriguez
|
0-0: Hit by Pitch
|
Batting: LHB Jason Kessler
|
0-0: Ball 1-0: Fly out, F7 (Flyball, 7D, EV 86.9 MPH)
|
Batting: RHB Rob Marti
|
0-0: Foul Ball, location: 2F 0-1: Fielders Choice at 2nd, 4-6 (Groundball, 4, EV 106.2 MPH)
|
Batting: SHB Bob Ledlow
|
0-0: Foul Ball, location: 2F 0-1: Fly out, F2 (Popup, 23F, EV 88.1 MPH)
|
Bottom of the 1st over - 0 runs, 0 hits, 0 errors, 1 left on base; Paris 0 - Canton 0 |
TOP OF THE 2ND |
Paris Cubs batting - Pitching for Canton Indians : RHP John Bychyk
|
Batting: LHB David Mendez
|
0-0: Swinging Strike 0-1: Ball 1-1: Fly out, F8 (Flyball, 8LD, EV 88.1 MPH)
|
Batting: RHB Jesus Resendez
|
0-0: Called Strike 0-1: Ground out 1-3 (Groundball, 13S, EV 61.2 MPH)
|
Batting: LHB Zach Martin
|
0-0: Fly out, F7 (Flyball, 7, EV 96.2 MPH)
|
Top of the 2nd over - 0 runs, 0 hits, 0 errors, 0 left on base; Paris 0 - Canton 0 |
BOTTOM OF THE 2ND |
Canton Indians batting - Pitching for Paris Cubs : LHP Noah Hornby
|
Batting: LHB Mike Humfleet
|
0-0: Ball 1-0: Called Strike 1-1: SOLO HOME RUN (Flyball, 89XD, EV 111.2 MPH), Distance : 431 ft
|
Batting: SHB Ryan Donohoe
|
0-0: Fly out, F8 (Flyball, 8LD, EV 92.5 MPH)
|
Batting: RHB Josh Carini
|
0-0: Ball 1-0: Ball 2-0: Called Strike 2-1: SINGLE (Line Drive, 6D, EV 95.6 MPH)
|
Batting: RHB Joe Bauer
|
0-0: Foul Ball, location: 2F 0-1: Called Strike 0-2: Foul Ball, location: 2F 0-2: Ball 1-2: Strikes out swinging
|
Batting: SHB Jose Abreu
|
Pickoff Throw to First - Out! 1-3
|
Bottom of the 2nd over - 1 run, 2 hits, 0 errors, 0 left on base; Paris 0 - Canton 1 |
TOP OF THE 3RD |
Paris Cubs batting - Pitching for Canton Indians : RHP John Bychyk
|
Batting: RHB Mike Snider
|
0-0: Foul Ball, location: 2F 0-1: Foul Ball, location: 2F 0-2: Ball 1-2: Ball 2-2: Fly out, F7 (Flyball, 78S, EV 96.2 MPH)
|
Batting: RHB Jason Banks
|
0-0: Ball 1-0: Called Strike 1-1: Foul Ball, location: 2F 1-2: Strikes out swinging
|
Batting: RHB Michihisa Tanaka
|
0-0: Ball 1-0: Called Strike 1-1: Called Strike 1-2: Ball 2-2: Ball 3-2: Ground out 2-3 (Groundball, 15S, EV 63.1 MPH)
|
Top of the 3rd over - 0 runs, 0 hits, 0 errors, 0 left on base; Paris 0 - Canton 1 |
BOTTOM OF THE 3RD |
Canton Indians batting - Pitching for Paris Cubs : LHP Noah Hornby
|
Batting: SHB Jose Abreu
|
0-0: Ball 1-0: Foul Ball, location: 2F 1-1: SINGLE (Line Drive, 9S, EV 88.8 MPH)
|
Batting: RHB Jose Rodriguez
|
0-0: Foul Ball, location: 2F 0-1: Fielders Choice at 2nd, 4-6 (Groundball, 4S, EV 75.6 MPH)
|
Batting: LHB Jason Kessler
|
0-0: Called Strike 0-1: Swinging Strike 0-2: Ball 1-2: Strikes out swinging
|
Batting: RHB Rob Marti
|
0-0: Called Strike 0-1: Ball 1-1: Swinging Strike 1-2: Foul Ball, location: 2F 1-2: Strikes out swinging, 2-3 out at first.
|
Bottom of the 3rd over - 0 runs, 1 hit, 0 errors, 1 left on base; Paris 0 - Canton 1 |
TOP OF THE 4TH |
Paris Cubs batting - Pitching for Canton Indians : RHP John Bychyk
|
Batting: RHB Willie Rubio
|
0-0: Called Strike 0-1: Ball 1-1: Foul Ball, location: 2F 1-2: Foul Ball, location: 2F 1-2: Strikes out swinging
|
Batting: LHB Tyler Schuettler
|
0-0: Called Strike 0-1: Ball 1-1: SOLO HOME RUN (Flyball, 89XD, EV 115.6 MPH), Distance : 464 ft
|
Batting: LHB Jeremy Rideout
|
0-0: Fly out, F9 (Flyball, 9LSF, EV 73.8 MPH)
|
Batting: LHB David Mendez
|
0-0: Ground out 6-3 (Groundball, 4M, EV 94.4 MPH)
|
Top of the 4th over - 1 run, 1 hit, 0 errors, 0 left on base; Paris 1 - Canton 1 |
BOTTOM OF THE 4TH |
Canton Indians batting - Pitching for Paris Cubs : LHP Noah Hornby
|
Batting: SHB Bob Ledlow
|
0-0: Called Strike 0-1: SINGLE (Flyball, 5D, EV 82.5 MPH)
|
Batting: LHB Mike Humfleet
|
0-0: Ball 1-0: Ball 2-0: SINGLE (Line Drive, 78M, EV 98.1 MPH) Bob Ledlow to second
|
Batting: SHB Ryan Donohoe
|
0-0: Swinging Strike 0-1: 3-RUN HOME RUN (Flyball, 9D, EV 98.1 MPH), Distance : 377 ft
|
Batting: RHB Josh Carini
|
0-0: Ball 1-0: Foul Ball, location: 2F 1-1: Ground out 4-3 (Groundball, 4, EV 90.0 MPH)
|
Batting: RHB Joe Bauer
|
0-0: Called Strike 0-1: Single, Error in OF, E9, batter to second base (Line Drive, 89S, EV 100.0 MPH)
|
Batting: SHB Jose Abreu
|
0-0: Ball 1-0: Called Strike 1-1: Foul Ball, location: 2F 1-2: Foul Ball, location: 2F 1-2: Ball 2-2: Strikes out looking
|
Batting: RHB Jose Rodriguez
|
0-0: Called Strike 0-1: SINGLE (Groundball, 25, EV 70.6 MPH) (infield hit) Joe Bauer to third
|
Batting: LHB Jason Kessler
|
0-0: Called Strike 0-1: Foul Ball, location: 2F 0-2: Fly out, F8 (Line Drive, 89D, EV 98.8 MPH)
|
Bottom of the 4th over - 3 runs, 5 hits, 1 error, 2 left on base; Paris 1 - Canton 4 |
TOP OF THE 5TH |
Paris Cubs batting - Pitching for Canton Indians : RHP John Bychyk
|
Batting: RHB Jesus Resendez
|
0-0: Ball 1-0: Called Strike 1-1: Fly out, F8 (Flyball, 8RD, EV 103.1 MPH)
|
Batting: LHB Zach Martin
|
0-0: SINGLE (Flyball, 56D, EV 90.6 MPH)
|
Batting: RHB Mike Snider
|
0-0: DOUBLE (Line Drive, 7LM, EV 93.1 MPH) Zach Martin to third
|
Batting: RHB Jason Banks
|
0-0: Ball 1-0: Ball 2-0: Ball 3-0: Called Strike 3-1: Called Strike 3-2: Fly out, F9 (Flyball, 9D, EV 101.9 MPH) Runner from 3rd tags up, SCORES, no throw by RF
|
Batting: RHB Michihisa Tanaka
|
0-0: Called Strike 0-1: Ball Wild Pitch! Mike Snider to third 1-1: Ground out 6-3 (Groundball, 4MD, EV 106.2 MPH)
|
Top of the 5th over - 1 run, 2 hits, 0 errors, 1 left on base; Paris 2 - Canton 4 |
BOTTOM OF THE 5TH |
Canton Indians batting - Pitching for Paris Cubs : LHP Noah Hornby
|
Batting: RHB Rob Marti
|
0-0: Ball 1-0: Swinging Strike 1-1: Ball 2-1: Foul Ball, location: 2F 2-2: Fly out, F8 (Flyball, 8RS, EV 82.5 MPH)
|
Batting: SHB Bob Ledlow
|
0-0: Foul Ball, location: 2F 0-1: Swinging Strike 0-2: Strikes out swinging
|
Batting: LHB Mike Humfleet
|
0-0: Called Strike 0-1: Ball 1-1: Ball 2-1: Ball 3-1: Fly out, F7 (Flyball, 7, EV 98.1 MPH)
|
Bottom of the 5th over - 0 runs, 0 hits, 0 errors, 0 left on base; Paris 2 - Canton 4 |
TOP OF THE 6TH |
Paris Cubs batting - Pitching for Canton Indians : RHP John Bychyk
|
Batting: RHB Willie Rubio
|
0-0: Fly out, F6 (Popup, 6M, EV 54.4 MPH)
|
Batting: LHB Tyler Schuettler
|
0-0: SINGLE (Groundball, 4D, EV 100.0 MPH)
|
Batting: LHB Jeremy Rideout
|
0-0: Called Strike 0-1: Ball 1-1: Foul Ball, location: 2F 1-2: Ground out 6-3 (Groundball, 6M, EV 96.9 MPH) Tyler Schuettler to second
|
Batting: LHB David Mendez
|
0-0: Called Strike 0-1: Ball 1-1: Ball 2-1: Ball 3-1: Called Strike 3-2: Strikes out swinging
|
Top of the 6th over - 0 runs, 1 hit, 0 errors, 1 left on base; Paris 2 - Canton 4 |
BOTTOM OF THE 6TH |
Canton Indians batting - Pitching for Paris Cubs : LHP Noah Hornby
|
Pitching: RHP Brendan Malzone
|
|
Batting: SHB Ryan Donohoe
|
0-0: Ball 1-0: Foul Ball, location: 2F 1-1: Ball 2-1: Swinging Strike 2-2: Foul Ball, location: 2F 2-2: Foul Ball, location: 2F 2-2: Strikes out swinging
|
Batting: RHB Josh Carini
|
0-0: Ball 1-0: Ball 2-0: Foul Ball, location: 2F 2-1: Ball 3-1: Base on Balls
|
Batting: RHB Joe Bauer
|
0-0: SINGLE (Flyball, 78S, EV 92.5 MPH) Josh Carini to second
|
Batting: SHB Jose Abreu
|
0-0: Fly out, F7 (Flyball, 7D, EV 98.8 MPH) Runner from 2nd tags up, SAFE at 3rd, no throw by LF
|
Batting: RHB Jose Rodriguez
|
0-0: Swinging Strike 0-1: Called Strike 0-2: Ball 1-2: Ball 2-2: Foul Ball, location: 2F 2-2: Strikes out swinging
|
Bottom of the 6th over - 0 runs, 1 hit, 0 errors, 2 left on base; Paris 2 - Canton 4 |
TOP OF THE 7TH |
Paris Cubs batting - Pitching for Canton Indians : RHP John Bychyk
|
Now in LF: Aubrey Regimbald
|
|
Batting: RHB Jesus Resendez
|
0-0: Called Strike 0-1: SINGLE (Line Drive, 56, EV 95.6 MPH)
|
Batting: LHB Zach Martin
|
0-0: Ball 1-0: Fly out, F7 (Line Drive, 78M, EV 104.4 MPH)
|
Batting: RHB Mike Snider
|
0-0: Ball 1-0: SINGLE (Groundball, 4M, EV 106.9 MPH) Jesus Resendez to second
|
Batting: RHB Jason Banks
|
0-0: Foul Ball, location: 2F 0-1: Fly out, F8 (Flyball, 8LD, EV 101.9 MPH) Runner from 2nd tags up, SAFE at 3rd with throw by CF
|
Batting: RHB Michihisa Tanaka
|
0-0: Called Strike 0-1: Ball 1-1: Swinging Strike 1-2: Foul Ball, location: 2F 1-2: Ball 2-2: Ball 3-2: Strikes out swinging
|
Top of the 7th over - 0 runs, 2 hits, 0 errors, 2 left on base; Paris 2 - Canton 4 |
BOTTOM OF THE 7TH |
Canton Indians batting - Pitching for Paris Cubs : RHP Brendan Malzone
|
Batting: LHB Jason Kessler
|
0-0: Called Strike 0-1: Ball 1-1: Ball 2-1: Hit by Pitch
|
Batting: RHB Rob Marti
|
0-0: Swinging Strike 0-1: Foul Ball, location: 2F 0-2: Ball 1-2: Ball 2-2: SINGLE (Line Drive, 8RS, EV 101.9 MPH) Jason Kessler to second
|
Batting: SHB Bob Ledlow
|
0-0: Ball 1-0: Fly out, F8 (Line Drive, 8LM, EV 98.8 MPH)
|
Batting: LHB Mike Humfleet
|
0-0: Ball 1-0: Fly out, F4 (Popup, 34S, EV 86.2 MPH)
|
Batting: RHB Aubrey Regimbald
|
0-0: Swinging Strike 0-1: Ball 1-1: Ball 2-1: Ball 3-1: Called Strike 3-2: Foul Ball, location: 2F 3-2: Foul Ball, location: 2F 3-2: Foul Ball, location: 2F 3-2: Foul Ball, location: 2F 3-2: Strikes out swinging
|
Bottom of the 7th over - 0 runs, 1 hit, 0 errors, 2 left on base; Paris 2 - Canton 4 |
TOP OF THE 8TH |
Paris Cubs batting - Pitching for Canton Indians : RHP John Bychyk
|
Now in RF: Tom Auld
|
|
Pinch Hitting: LHB Don Crockett
|
0-0: Ball 1-0: Fly out, F7 (Flyball, 7, EV 88.8 MPH)
|
Batting: LHB Tyler Schuettler
|
0-0: Foul Ball, location: 2F 0-1: Ball 1-1: Ball 2-1: Fly out, F7 (Flyball, 7, EV 98.1 MPH)
|
Batting: LHB Jeremy Rideout
|
0-0: Foul Ball, location: 2F 0-1: Foul Ball, location: 2F 0-2: Foul Ball, location: 2F 0-2: Ball 1-2: SINGLE (Flyball, 8LS, EV 94.4 MPH)
|
Batting: LHB David Mendez
|
0-0: DOUBLE (Line Drive, 7LS, EV 91.9 MPH) Jeremy Rideout to third
|
Pinch Hitting: LHB Bobby Marlatt
|
0-0: Foul Ball, location: 2F 0-1: Ground out U3 (Groundball, 3L, EV 103.8 MPH)
|
Top of the 8th over - 0 runs, 2 hits, 0 errors, 2 left on base; Paris 2 - Canton 4 |
BOTTOM OF THE 8TH |
Canton Indians batting - Pitching for Paris Cubs : RHP Brendan Malzone
|
Now in CF: Don Crockett
|
|
Now in RF: Bobby Marlatt
|
|
Batting: RHB Josh Carini
|
0-0: Called Strike 0-1: Ball 1-1: Swinging Strike 1-2: Strikes out swinging
|
Pitching: LHP Mike Anderson
|
|
Batting: RHB Joe Bauer
|
0-0: Foul Ball, location: 2F 0-1: Ball 1-1: Ball 2-1: Foul Ball, location: 2F 2-2: SINGLE (Groundball, P, EV 92.5 MPH) (infield hit)
|
Batting: SHB Jose Abreu
|
0-0: Ball 1-0: Fly out, F8 (Flyball, 8LD, EV 101.9 MPH)
|
Batting: RHB Jose Rodriguez
|
0-0: Called Strike 0-1: Fly out, F8 (Flyball, 8LD, EV 101.9 MPH)
|
Bottom of the 8th over - 0 runs, 1 hit, 0 errors, 1 left on base; Paris 2 - Canton 4 |
TOP OF THE 9TH |
Paris Cubs batting - Pitching for Canton Indians : RHP John Bychyk
|
Batting: LHB Zach Martin
|
0-0: Called Strike 0-1: Swinging Strike 0-2: Ball 1-2: Ball 2-2: Ball 3-2: Strikes out looking
|
Batting: RHB Mike Snider
|
0-0: Ball 1-0: Called Strike 1-1: Foul Ball, location: 2F 1-2: Ball 2-2: Foul Ball, location: 2F 2-2: Strikes out swinging
|
Pitching: LHP Sam Johnson
|
|
Batting: RHB Jason Banks
|
0-0: Ball 1-0: Swinging Strike 1-1: Called Strike 1-2: Ball 2-2: Ball 3-2: Foul Ball, location: 2F 3-2: Foul Ball, location: 2F 3-2: Strikes out swinging, 2-3 out at first.
|
Top of the 9th over - 0 runs, 0 hits, 0 errors, 0 left on base; Paris 2 - Canton 4 |
|